AoeStats
← Dino Spumoni

Arena

509241891Analyzed
1v1 RM · 6d ago on Sep 26, 2026· 41m 26s· 2 players
Game mode
Random Map
Map size
Tiny (2 player)
Population
200
Speed
Normal
Resources
Standard
Victory
Conquest
Starting age
Dark Age
Ending age
Imperial Age
RankedLock teamsTeams togetherTeam positionsShared explorationLock speedFull tech treeHidden civsTurbo modeCheats
Victory
Defeat
🇨🇱 Portuguese · Chile
1204
+17
🇺🇸 Teutons · United States
1235
-17
Dino Spumoni
10:36 Feudal Age
14:22 Castle Age
12:40 Double-Bit Axe
13:06 Loom
22:00 Horse Collar
29:08 Imperial Age
27:40 Scale Mail Armor
28:10 Bow Saw
28:32 Chain Mail Armor
28:47 Pikeman
30:57 Chemistry
30:57 Fletching
35:12 Plate Mail Armor
39:21 Forging
39:57 Wheelbarrow
cowboy_dan
11:09 Feudal Age
14:52 Castle Age
13:31 Double-Bit Axe
13:40 Horse Collar
18:53 Fortified Wall
19:53 Bow Saw
22:54 Sanctity
23:09 Fletching
24:43 Guard Tower
27:54 Wheelbarrow
27:05 Loom
31:47 Imperial Age
31:30 Scale Barding Armor
32:09 Bloodlines
32:54 Chain Barding Armor
32:39 Gold Mining
33:36 Forging
37:47 Man-at-Arms
38:12 Gambesons
38:29 Scale Mail Armor
41:07 Chain Mail Armor
41:27 Iron Casting
40:46 Long Swordsman
41:15 Arson
41:46 Squires
Connection lost

Rejoining the realm…

Still unreachable

The connection could not be restored.

Session expired

The server has moved on; the page needs a fresh start.